 Dungeon Sprint DCSS version 0.31-a0-557-g6e16503903 (webtiles) character file.

Game seed: 6456697249231878538

179 Midn8 the Unseen (level 5, -10/28 HPs)
             Began as a Vampire Enchanter on Aug 17, 2023.
             Was an Initiate of Ru.
             Mangled by a spriggan
             ... wielding a +0 short sword
              (15 damage)
             ... in the Dungeon (Sprint IV: "Fedhas' Mad Dash").
             The game lasted 00:02:04 (94 turns).

Midn8 the Unseen (Vampire Enchanter)                  Turns: 94, Time: 00:02:04

Health: -10/28     AC:  2    Str:  7    XL:     5   Next: 33%
Magic:  8/8        EV: 12    Int: 17    God:    Ru [......]
Gold:   60         SH:  0    Dex: 17    Spells: 8/8 levels left

rFire   . . .        a - +1 dagger
rCold   + + .        (no shield)
rNeg    + + +        b - +0 robe
rPois   ∞            (no helmet)
rElec   .            (no cloak)
rCorr   .            (no gloves)
SInv    +            (no boots)
Will    .....        j - amulet of invisibility {+Inv}
Stlth   ++++++++     (no ring)
HPRegen 0.00/turn    (no ring)
MPRegen 0.11/turn

%: no teleportation
@: bloodless, inhibited regen, invisible
A: bloodless, fangs 3, see invisible, vampiric 2
a: Bat Form, Revivify, Renounce Religion, Evoke Invisibility


You were in the Dungeon.
You worshipped Ru.
Ru was noncommittal.
You visited 1 branch You collected 60 gold pieces.

Inventory:

Hand Weapons
 a - a +1 dagger (weapon)
Armour
 b - a +0 robe (worn)
Jewellery
 j - the amulet of invisibility (around neck) {+Inv}
   (You found it in the Dungeon)

   [amulet of nothing]

   +Inv:      It lets you turn invisible.
Scrolls
 i - a scroll of blinking
Potions
 c - a potion of invisibility
 d - a potion of curing
 e - a potion of heal wounds
 f - a potion of haste
 g - 2 potions of magic
 h - a potion of berserk rage


   Skills:
 + Level 6.1 Short Blades
 - Level 2.1 Dodging
 - Level 15.0 Stealth
 - Level 2.0 Spellcasting
 - Level 4.4 Hexes


You had 8 spell levels left.
You didn't know any spells.
Your spell library contained the following spells:

 Spells                   Type           Power      Damage    Failure   Level
 Confusing Touch          Hex            16%        N/A       10%         3
 Tukima's Dance           Hex            16%        N/A       10%         3
 Ensorcelled Hibernation  Hex/Ice        18%        N/A       12%         2
 Dazzling Flash           Conj/Hex       18%        N/A       24%         3


Dungeon Overview and Level Annotations

Branches:
Dungeon (1/1)

Altars:
Cheibriados
Dithmenos
Gozag
Hepliaklqana
Kikubaaqudgha
Makhleb
Nemelex Xobeh
Okawaru
Qazlal
Ru
Sif Muna
Trog
Uskayaw
Vehumet
Wu Jian
Xom
Yredelemnul
Jiyva
Lugonu


Innate Abilities, Weirdness & Mutations

You do not regenerate when monsters are visible.
You are frail without blood (-20% HP).
You can heal yourself when you bite living creatures.
You are immune to poison.
You have razor-sharp teeth.
You have supernaturally acute eyesight. (SInv)
You are afflicted with vampirism and can become a bat while bloodless.


Message History

There is an ancient bone altar of Kikubaaqudgha here.
There is a corrupted altar of Lugonu here.
You start waiting.
Your magical contamination has completely faded away.
You open the door.
An oklob sapling wizard comes into view.
Marking area around an oklob sapling wizard as unsafe for travelling.
Found 12 gold pieces and a short sword.
There is an open door here.
The helpless oklob sapling wizard fails to defend itself.
You skewer the oklob sapling wizard like a kebab!!!!
You destroy the oklob sapling wizard!
Training target 15.0 for Stealth reached!
Your Stealth skill increases to level 15!
You need to enable at least one skill for training.
Your Short Blades skill increases to level 6!
You now have 60 gold pieces (gained 12).
You open the door. 2 spriggans and a scorpion come into view.
Found 25 gold pieces.
Okay, then.
There is an open door here.
The spriggan barely misses you.
You see here 6 gold pieces.
You closely miss the scorpion.
The spriggan shouts!
The spriggan hits you with a +0 short sword.
The spriggan attacks as you move away! The spriggan barely misses you.
The scorpion barely misses you.
There is an open door here.
You fade into invisibility!
The spriggan hits you with a +0 short sword!
The spriggan barely misses you.
Unknown command.
You miss the spriggan.
The spriggan hits you with a +0 short sword!
* * * LOW HITPOINT WARNING * * *
The spriggan hits you with a +0 short sword!
Ouch! That really hurt!
You die...

######################
#.⌠._._._._.⌠.#.iis..#
'.._._._._._..'.@#$.$#
#..._._._._...#..###+#
#.._._._._._..#.)#
#._._._._._.⌠.####
###############


You could see 2 spriggans and a scorpion (unable to see you).

Vanquished Creatures
  A scorpion (D)
  3 oklob saplings (D)
  A river rat (D)
  A rat (D)
6 creatures vanquished.

Notes
Turn   | Place    | Note
-------+----------+-------------------------------------------
     0 | D        | Midn8 the Vampire Enchanter began the quest for the Orb.
     0 | D        | Reached XP level 1. HP: 13/13 MP: 3/3
    15 | D        | Reached skill level 7 in Stealth
    15 | D        | Reached XP level 2. HP: 15/15 MP: 5/5
    17 | D        | Reached skill level 8 in Stealth
    18 | D        | Noticed an oklob sapling
    20 | D        | Killed an oklob sapling
    21 | D        | Reached skill level 10 in Stealth
    21 | D        | Gained mutation: You are afflicted with vampirism and can
                  | become a bat while bloodless. [Vampire growth]
    21 | D        | Reached XP level 3. HP: 19/19 MP: 6/6
    22 | D        | Noticed a scorpion
    22 | D        | Found the amulet of invisibility {+Inv}
    24 | D        | Killed a scorpion
    25 | D        | Reached skill level 5 in Short Blades
    25 | D        | Reached skill level 12 in Stealth
    25 | D        | Reached XP level 4. HP: 24/24 MP: 7/7
    47 | D        | Found an opulent altar of Gozag.
    47 | D        | Found a hazy altar of Hepliaklqana.
    47 | D        | Found a burning altar of Makhleb.
    47 | D        | Found a sparkling altar of Nemelex Xobeh.
    47 | D        | Found a snail-covered altar of Cheibriados.
    47 | D        | Found a sacrificial altar of Ru.
    47 | D        | Found a shimmering blue altar of Sif Muna.
    47 | D        | Found a shimmering altar of Xom.
    47 | D        | Found a basalt altar of Yredelemnul.
    48 | D        | Found a viscous altar of Jiyva.
    48 | D        | Found a bloodstained altar of Trog.
    48 | D        | Found an ornate altar of the Wu Jian Council.
    49 | D        | Found an iron altar of Okawaru.
    49 | D        | Found a shadowy altar of Dithmenos.
    50 | D        | Found a hide-covered altar of Uskayaw.
    50 | D        | Found an ancient bone altar of Kikubaaqudgha.
    51 | D        | Found a stormy altar of Qazlal.
    52 | D        | Found a radiant altar of Vehumet.
    52 | D        | Found a corrupted altar of Lugonu.
    56 | D        | Reached skill level 14 in Stealth
    56 | D        | Reached XP level 5. HP: 28/28 MP: 8/8
    63 | D        | Became a worshipper of Ru the Awakened
    85 | D        | Reached skill level 15 in Stealth
    94 | D        | Mangled by a spriggan

Illustrated notes

Levels and vault maps discovered:
D:        dungeon_sprint_fedhas [sprint_temple]

Skill      XL: |  1  2  3  4  5 |
---------------+----------------+-----
Stealth        | 7 10 12 14 15 | 15.0
Short Blades   | 3 5 6 |  6.1
Dodging        | |  2.1
Spellcasting   | |  2.0
Hexes          | |  4.4

Action                     |  1- 3 |  4- 6 || total
---------------------------+-------+-------++-------
  Melee: Dagger            |     4 |     4 ||     8
Ability: Exsanguinate      |     1 |       ||     1
         Evoke Invisibilit |       |     1 ||     1
    Use: Potion            |       |     1 ||     1
   Stab: Sleeping          |     4 |     2 ||     6
  Dodge: Dodged            |       |     4 ||     4

Table legend: (Time is in decaauts)
 A = Elapsed time spent in this place.
 B = Non-inter-level travel time spent in this place.
 C = Inter-level travel time spent in this place.
 D = Time resting spent in this place.
 E = Time spent auto-exploring this place.
 F = Levels seen in this place.
 G = Mean time per level.
                   A        B        C        D        E       F      G
               +--------+--------+--------+--------+--------+-----+--------+
         Total |     92 |     92 |      0 |      7 |      0 |   1 |   92.0 |
       Dungeon |     92 |     92 |      0 |      7 |      0 |   1 |   92.0 |
               +--------+--------+--------+--------+--------+-----+--------+

Top non-repeatable levels by time:
       D: 92 daAuts
